 Dungeon Crawl Stone Soup version 0.29.0-7-g18a832c13a (webtiles) character file.

Game seed: 2773428091241791756

144727 oldmanjim the Severer (level 16, 0/155 HPs)
             Began as a Minotaur Berserker on Aug 30, 2022.
             Was the Champion of Trog.
             Slain by oldmanjim's illusion (illusionary) (2 damage)
             ... woven by Mara
             ... on level 3 of the Swamp.
             The game lasted 03:19:22 (33980 turns).

oldmanjim the Severer (Minotaur Berserker)         Turns: 33980, Time: 03:19:23

Health: 0/155      AC: 24    Str: 37    XL:     16   Next: 85%
Magic:  0/15       EV: 10    Int: 10    God:    Trog [******]
Gold:   1209       SH:  0    Dex: 10    Spells: 15/15 levels left

rFire   + + .      SeeInvis .   a - +7 battleaxe "Ohic" {freeze, rPois Str+7}
rCold   + + +      Faith    .   (shield currently unavailable)
rNeg    + . .      Spirit   +   C - +0 plate armour
rPois   +          Reflect  .   (helmet restricted)
rElec   .          Harm     .   T - +0 cloak
rCorr   .          Rampage  .   E - +2 pair of gloves
Will    +++..                   K - +1 pair of boots
Stlth   ..........              S - amulet of guardian spirit
HPRegen 1.35/turn               N - ring "Qeocli Amarph" {rPois Will+}
MPRegen 0.14/turn               O - ring "Yhiaff" {rF++ rC+++ rN+ Will- Int+6}

@: about to teleport, strong-willed, regenerating, studying 2 skills
A: horns 2, retaliatory headbutt
a: Renounce Religion, Berserk, Trog's Hand, Brothers in Arms


You were on level 3 of the Swamp.
You worshipped Trog.
Trog was exalted by your worship.
You visited 5 branches of the dungeon, and saw 26 of its levels.
You also visited: Trove, Ossuary, Bailey and Ice Cave.

You collected 2641 gold pieces.
You spent 1432 gold pieces at shops.

Inventory:

Hand Weapons
 a - the +7 battleaxe "Ohic" (weapon) {freeze, rPois Str+7}
   (You found it on level 15 of the Dungeon)

   It freezes those it strikes, dealing additional cold damage.
   It can also slow down cold-blooded creatures.
   Str:       It affects your strength (+7).
   rPois:     It protects you from poison.
 b - a +0 arbalest of freezing
 n - a +1 broad axe of protection
 r - a +6 vorpal eveningstar
 y - the +6 battleaxe of the Reaper {flame, Dex+4}
   (Trog gifted it to you on level 10 of the Dungeon)

   It burns those it strikes, dealing additional fire damage.
   Big, fiery blades are also staple armaments of hydra-hunters.
   Dex:       It affects your dexterity (+4).
Missiles
 m - 3 curare-tipped darts
 w - 19 boomerangs (quivered)
 B - 9 datura-tipped darts
Armour
 u - a +0 tower shield
 C - a +0 plate armour (worn)
 E - a +2 pair of gloves (worn)
 K - a +1 pair of boots (worn)
 T - a +0 cloak (worn)
Jewellery
 H - the ring of Vasev {Ice Fly Will+ Slay-6}
   (You found it in an ice cave)

   [ring of ice]

   It enhances your ice magic.
   Slay:      It affects your accuracy & damage with ranged weapons and melee
   (-6).
   rF:        It makes you vulnerable to fire.
   rC:        It protects you from cold.
   Fly:       It grants you flight.
   Will:      It increases your willpower.
 I - a ring of resist corrosion
 M - an amulet of reflection
 N - the ring "Qeocli Amarph" (left hand) {rPois Will+}
   (You found it in a treasure trove)

   [ring of poison resistance]

   rPois:     It protects you from poison.
   Will:      It increases your willpower.
 O - the ring "Yhiaff" (right hand) {rF++ rC+++ rN+ Will- Int+6}
   (You bought it in a shop on level 2 of the Orcish Mines)

   [ring of intelligence]

   Int:       It affects your intelligence (+6).
   rF:        It greatly protects you from fire.
   rC:        It renders you almost immune to cold.
   rN:        It protects you from negative energy.
   Will:      It decreases your willpower.
 Q - the ring "Hepeow" {rF+ Str+6}
   (You found it in a treasure trove)

   [ring of strength]

   Str:       It affects your strength (+6).
   rF:        It protects you from fire.
 S - an amulet of guardian spirit (around neck)
 X - a ring of willpower
Wands
 c - a wand of roots (21)
 g - a wand of charming (9)
 o - a wand of flame (35)
 J - a wand of mindburst (19)
Scrolls
 h - 5 scrolls of fear
 k - 2 scrolls of magic mapping
 q - 3 scrolls of butterflies
 t - a scroll of brand weapon
 v - a scroll of silence
 x - 2 scrolls of summoning
 L - 3 scrolls of immolation
 P - 3 scrolls of enchant armour
 U - a scroll of poison
 W - 3 scrolls of teleportation
Potions
 d - 4 potions of resistance
 e - 12 potions of curing
 f - 6 potions of might
 i - 5 potions of heal wounds
 j - 6 potions of ambrosia
 l - 3 potions of berserk rage
 p - 4 potions of invisibility
 s - 8 potions of attraction
 z - 10 potions of haste
 A - 6 potions of mutation
 D - 5 potions of magic
 F - 5 potions of lignification
 G - 6 potions of cancellation
Miscellaneous
 R - a phial of floods
 V - a box of beasts
 Y - a phantom mirror
 Z - a condenser vane


   Skills:
 - Level 17.4 Fighting
 - Level 20.0(20.3) Axes
 * Level 7.0(14.7) Maces & Flails
 - Level 14.5 Armour
 - Level 5.5 Dodging
 - Level 15.0 Shields
 - Level 10.5 Evocations


You had 15 spell levels left.
You didn't know any spells.
Your spell library was empty.

Dungeon Overview and Level Annotations

Branches:
Dungeon (15/15)            Temple (1/1) D:5            Lair (5/5) D:9
  Swamp (3/4) Lair:3        Snake (0/4) Lair:2        Slime (0/5) Lair:4
    Orc (2/2) D:9             Elf (0/3) Orc:2        Vaults (0/5) D:13
 Depths (0/4) D:15        Ossuary (visited)          Bailey (visited)
  IceCv (visited)

Altars:
Ashenzari
Cheibriados
Dithmenos
Elyvilon
Fedhas
Gozag
Hepliaklqana
Kikubaaqudgha
Makhleb
Nemelex Xobeh
Okawaru
Qazlal
Ru
Sif Muna
Trog
Uskayaw
Vehumet
Wu Jian
Xom
Yredelemnul
Zin
The Shining One

Shops:
D:6 (   D:14 !   Orc:2 =:::

Portals:
Abyss: D:12

Annotations:
D:12 2 transporters, Gauc's ghost, journeyman HOFi
D:13 3 runed translucent doors, Ined's ghost, journeyman MiBe
Lair:3 1 runed translucent door, Voxie's ghost, journeyman GrCK
Swamp:3 Mara


Innate Abilities, Weirdness & Mutations

You have a pair of horns on your head.
You reflexively headbutt those who attack you in melee.


Message History

Mara is moderately wounded.
You slash oldmanjim's illusion!
Mara hits you with the +5 war axe "Caos" {flame, rF+ Will- Str+3 Int+2}!!
Mara burns you.
You barely miss Mara. Your headbutt misses Mara.
Mara is moderately wounded.
You closely miss oldmanjim's illusion.
Oldmanjim's illusion hits you but does no damage.
Mara gestures at you. The bolt of fire hits you! You resist.
The bolt of fire hits oldmanjim's illusion!
Oldmanjim's illusion resists.
Mara weaves an illusion.
Mara hits you with the +5 war axe "Caos" {flame, rF+ Will- Str+3 Int+2}.
You closely miss Mara. You headbutt Mara.
Mara is moderately wounded.
You completely miss oldmanjim's illusion.
Oldmanjim's illusion hits you!! Oldmanjim's illusion freezes you.
Mara gestures at you. The bolt of fire hits you! You resist.
The bolt of fire hits oldmanjim's illusion.
Oldmanjim's illusion resists.
Mara hits you with the +5 war axe "Caos" {flame, rF+ Will- Str+3 Int+2}.
As you read the scroll of teleportation, it crumbles to dust.
You feel strangely unstable.
Oldmanjim's illusion hits you but does no damage.
Mara hits you with the +5 war axe "Caos" {flame, rF+ Will- Str+3 Int+2}!!
* * * LOW HITPOINT WARNING * * *
Mara burns you.
* * * LOW HITPOINT WARNING * * *
Oldmanjim's illusion attacks as you move away!
Oldmanjim's illusion hits you!
* * * LOW HITPOINT WARNING * * *
Mara blinks!
Mara blinks!
Oldmanjim's illusion attacks as you move away!
Oldmanjim's illusion hits you!!
* * * LOW HITPOINT WARNING * * *
Oldmanjim's illusion freezes you.
You die...

####.#####...~~~...♣ ♣♣
#..÷#....#....♣♣~~.♣♣♣♣♣~
#........#...♣♣♣§~~.~~..~
#.R.#..÷....♣♣♣♣~~~.~~~~~ ♣♣..♣
#....##.##..♣ ♣§~~..~~~§~
♣§...♣......#.'.R..♣♣ ♣§~~..~~...
♣~~.~♣..#####.#...~♣♣♣♣~~~.~~~...
♣.~.♣♣..#.....#.@..~~~...♣§~~~.~~
~~~♣ ♣..#.....#~@.~~~~~~.♣♣....~§
~~~♣♣♣........#..~~~~~~~~♣♣~.~~.~
~~...~..#...~~~.~~~~~~~.♣ ♣~~~~.♣
§~.~~...####~~~.~~.~~~~.♣ ♣.~~~♣♣
..~.~.♣.....~~....~.~~..♣♣♣....♣
~~~).♣.......~~~......♣♣.~.♣♣♣♣♣
.~§.~~§....~..~♣.~~.....~~.♣♣♣♣♣
♣.~.~§~.♣♣.♣~~~♣♣♣♣♣~~~..~.~..~♣
♣~.~...~♣♣♣♣~~.♣ ♣~~~..~.♣..♣♣


You could see Mara and oldmanjim's illusion.

Vanquished Creatures
  A thorn hunter (Swamp:2)
  3 azure jellies (IceCv)
  A rockslime (IceCv)
  Louise (Swamp:2)
  4 quicksilver oozes (IceCv)
  A very ugly thing (D:15)
  2 eleionomae (Swamp:3)
  3 dire elephants (Lair:5)
  2 bunyips
  A rakshasa (D:15)
  11 hydras
  5 vault guards (D:13)
  2 boulder beetles
  4 centaur warriors
  2 ogre magi (Orc:2)
  5 alligators
  14 two-headed ogres
  4 tengu warriors
  6 death yaks
  2 spectral dire elephants (Lair:5)
  An orc high priest (Orc:1)
  2 spectral death yaks (Lair:5)
  A glowing orange brain (D:15)
  7 skeletal warriors
  2 deep trolls (Orc:2)
  A spectral anaconda (Lair:5)
  3 goliath frogs
  Lodul (D:14)
  2 orange crystal statues (IceCv)
  3 spriggan druids
  A bog body (Swamp:1)
  A wizard (D:15)
  An obsidian statue (Lair:5)
  5 swamp dragons
  3 necromancers (Lair:5)
  2 orc knights (Bailey)
  A deep elf pyromancer (D:15)
  A harpy (shapeshifter) (D:14)
  A will-o-the-wisp (Swamp:1)
  19 ugly things
  4 orc sorcerers
  9 elephants (Lair:5)
  9 cyclopes
  3 manticores
  2 black mambas (Lair:1)
  An ice statue (Swamp:2)
  12 cane toads
  Maurice (D:11)
  A torpor snail (shapeshifter) (D:15)
  A torpor snail (Lair:3)
  2 gargoyles
  An efreet (D:15)
  An unseen horror (D:11)
  9 komodo dragons
  4 kobold demonologists
  A rime drake (Lair:4)
  A tengu conjurer (D:15)
  15 trolls
  3 meliai (D:15)
  4 tyrant leeches
  The ghost of howech the Shield-Bearer, an amateur MeFi of Ru (D:5)
  A meliai (shapeshifter) (D:9)
  A merfolk (shapeshifter) (D:11)
  5 hornets
  27 slime creatures
  11 dream sheep
  3 blink frogs (Lair:2)
  2 shadows
  9 spriggans
  Sigmund (D:5)
  A vampire (D:12)
  44 yaks
  A wyvern (Lair:4)
  5 wraiths
  4 basilisks
  5 humans (D:13)
  A steam dragon (D:8)
  A death yak simulacrum (Lair:5)
  11 swamp worms
  A spectral cane toad (Lair:5)
  8 vampire mosquitoes
  A warg (Orc:2)
  4 nagas (Lair:2)
  An acid dragon (D:14)
  18 water moccasins
  Duvessa (D:4)
  6 ice beasts
  22 orc warriors
  6 great orb of eyes simulacra (IceCv)
  2 black bears
  5 wolves (Lair:3)
  A boggart (D:9)
  33 ogres
  A boggart (shapeshifter) (D:13)
  12 centaurs
  5 kobold brigands
  A phantom (D:7)
  4 elf zombies (Ossuary)
  14 bullfrogs
  A gnoll sergeant (D:6)
  3 necrophages
  A cane toad simulacrum (Lair:5)
  4 glowing shapeshifter simulacra (IceCv)
  4 wights
  6 scorpions
  Dowan (D:4)
  2 elephant simulacra (Lair:5)
  3 killer bees (D:8)
  5 electric eels (Bailey)
  8 howler monkeys
  A human zombie (Ossuary)
  8 hounds
  9 jellies
  13 orc priests
  2 gnoll boudas
  7 iguanas
  23 orc wizards
  2 mummies (Ossuary)
  17 gnolls
  7 adders
  4 shadow imps
  5 white imps
  An ufetubus (D:6)
  2 adder zombies (Ossuary)
  A worm (D:4)
  4 dart slugs
  58 orcs
  6 bats
  12 endoplasms
  A giant cockroach (D:2)
  13 goblins
  8 hobgoblins
  7 jackals
  3 quokkas
  5 ball pythons
  2 frilled lizards (D:1)
  2 goblin zombies (Ossuary)
  5 hobgoblin zombies (Ossuary)
  A jackal zombie (Ossuary)
  17 kobolds
  8 kobold zombies (Ossuary)
  12 orc zombies (Ossuary)
  3 rats
  2 rat zombies (Ossuary)
805 creatures vanquished.

Vanquished Creatures (others)
  A dire elephant (Lair:5)
  A vault guard (D:13)
  2 bloated husks
  A human (D:13)
  11 fungi
  32 plants
  5 toadstools (D:7)
  18 withered plants (Lair:5)
71 creatures vanquished.

Grand Total: 876 creatures vanquished

Notes
Turn   | Place    | Note
-------+----------+-------------------------------------------
     0 | D:1      | oldmanjim the Minotaur Berserker began the quest for the
                  | Orb.
     0 | D:1      | Reached XP level 1. HP: 19/19 MP: 0/0
    75 | D:1      | Reached skill level 4 in Axes
    94 | D:1      | Reached XP level 2. HP: 17/27 MP: 1/1
   689 | D:1      | Found a faded altar of an unknown god.
   693 | D:1      | Reached XP level 3. HP: 34/34 MP: 2/2
  1383 | D:2      | Reached ** piety under Trog
  1820 | D:3      | Reached skill level 5 in Fighting
  1820 | D:3      | Reached skill level 5 in Axes
  1820 | D:3      | Reached XP level 4. HP: 37/42 MP: 3/3
  2583 | D:4      | Noticed an ogre
  2589 | D:4      | Killed an ogre
  2590 | D:4      | Reached XP level 5. HP: 48/50 MP: 4/4
  2612 | D:4      | Found a sand-covered staircase.
  2619 | Ossuary  | Entered an ossuary
  2842 | Ossuary  | Reached skill level 6 in Axes
  2842 | Ossuary  | Reached XP level 6. HP: 46/57 MP: 5/5
  2947 | Ossuary  | Reached *** piety under Trog
  2991 | Ossuary  | Reached skill level 7 in Axes
  2993 | Ossuary  | Reached XP level 7. HP: 19/63 MP: 6/6
  3243 | Ossuary  | Reached skill level 8 in Axes
  3566 | D:4      | Reached skill level 9 in Axes
  3741 | D:4      | Noticed Dowan
  3742 | D:4      | Noticed Duvessa
  3761 | D:4      | Killed Duvessa
  3775 | D:3      | Reached skill level 10 in Axes
  3952 | D:4      | Killed Dowan
  3953 | D:4      | Reached XP level 8. HP: 65/70 MP: 7/7
  4162 | D:5      | Entered Level 5 of the Dungeon
  4188 | D:5      | Found a radiant altar of Vehumet.
  4211 | D:5      | Found a transporter.
  4213 | D:5      | Found a transporter.
  4213 | D:5      | Noticed howech's ghost (amateur MeFi)
  4237 | D:5      | Found a staircase to the Ecumenical Temple.
  4256 | Temple   | Entered the Ecumenical Temple
  4387 | D:5      | Noticed Sigmund
  4395 | D:5      | Killed Sigmund
  4396 | D:5      | Reached skill level 5 in Armour
  4488 | D:5      | Reached skill level 11 in Axes
  4498 | D:5      | Reached **** piety under Trog
  4599 | D:5      | Found a sacrificial altar of Ru.
  4902 | D:5      | Reached XP level 9. HP: 81/81 MP: 8/8
  5241 | D:6      | Reached skill level 12 in Axes
  5513 | D:6      | Found Abreu's Weapon Shop.
  5983 | D:6      | Reached skill level 13 in Axes
  6390 | D:6      | Reached skill level 14 in Axes
  6702 | D:7      | Reached XP level 10. HP: 90/90 MP: 9/9
  7344 | D:8      | Found an iron altar of Okawaru.
  7933 | D:8      | Found a glowing golden altar of the Shining One.
  8187 | D:8      | Upgraded the game from 0.29.0-5-ge4962eb29e to
                  | 0.29.0-7-g18a832c13a
  8273 | D:9      | Reached ***** piety under Trog
  8308 | D:9      | Found a staircase to the Lair.
  8702 | D:9      | Noticed a two-headed ogre
  9218 | D:9      | Received a gift from Trog
  9219 | D:9      | Reached skill level 15 in Axes
  9221 | D:9      | Reached skill level 10 in Fighting
  9349 | D:9      | Killed a two-headed ogre
  9767 | D:9      | Reached skill level 16 in Axes
 10111 | D:9      | Found a staircase to the Orcish Mines.
 10159 | D:10     | Entered Level 10 of the Dungeon
 10179 | D:10     | Found a broken altar of Ashenzari.
 10204 | D:10     | Found a portal to a secret trove of treasure.
 10220 | D:10     | Found a flagged portal.
 10230 | Bailey   | Entered a bailey
 10408 | Bailey   | Noticed an orc knight
 10452 | Bailey   | Killed an orc knight
 10453 | Bailey   | Reached skill level 1 in Evocations
 10453 | Bailey   | Reached XP level 11. HP: 97/100 MP: 5/10
 10668 | Bailey   | Noticed an orc knight
 10704 | Bailey   | Killed an orc knight
 11518 | Bailey   | Found an iron altar of Okawaru.
 11642 | D:10     | You paid a toll of 2 scrolls of acquirement to enter a
                  | treasure trove
 11643 | Trove    | Entered a treasure trove
 11696 | Trove    | Identified the ring "Qeocli Amarph" {rPois Will+}
 11698 | Trove    | Identified the ring "Hepeow" {rF+ Str+6}
 11739 | D:10     | Reached skill level 17 in Axes
 11739 | D:10     | Reached XP level 12. HP: 115/115 MP: 11/11
 12061 | D:10     | Noticed a two-headed ogre
 12062 | D:10     | Noticed a two-headed ogre
 12117 | D:10     | Identified the +6 battleaxe of the Reaper {flame, Dex+4}
                  | (Trog gifted it to you on level 10 of the Dungeon)
 12117 | D:10     | Received a gift from Trog
 12186 | D:10     | Killed a two-headed ogre
 12367 | D:10     | Killed a two-headed ogre
 12781 | D:5      | Killed howech's ghost
 12901 | Lair:1   | Entered Level 1 of the Lair of Beasts
 12917 | Lair:1   | Reached skill level 18 in Axes
 12940 | Lair:1   | Noticed a four-headed hydra
 12964 | Lair:1   | Killed a two-headed hydra
 13365 | Lair:1   | Found a bloodstained altar of Trog.
 13900 | Lair:1   | Reached XP level 13. HP: 125/125 MP: 12/12
 14239 | Lair:2   | Reached skill level 15 in Fighting
 14249 | Lair:2   | Found a staircase to the Snake Pit.
 14301 | Lair:2   | Reached skill level 10 in Armour
 14386 | Lair:2   | Reached skill level 19 in Axes
 15032 | Lair:3   | Found a runed translucent door.
 15037 | Lair:3   | Noticed Voxie's ghost (journeyman GrCK)
 15327 | Lair:3   | Identified the +7 halberd "Cuakhl Jiforo" {flame, *Rage rF-
                  | Int+8 Dex+5}
 15571 | Lair:3   | Found a staircase to the Swamp.
 16369 | Lair:4   | Reached skill level 20 in Axes
 16374 | Lair:4   | Reached skill level 1 in Shields
 16507 | Lair:4   | Reached ****** piety under Trog
 16515 | Lair:4   | Received a gift from Trog
 16751 | Lair:4   | Found a staircase to the Slime Pits.
 17387 | Lair:5   | Entered Level 5 of the Lair of Beasts
 17602 | Lair:5   | Reached XP level 14. HP: 131/136 MP: 13/13
 17893 | Lair:5   | Reached skill level 5 in Shields
 17934 | Lair:5   | Reached skill level 5 in Evocations
 18494 | Lair:5   | Received a gift from Trog
 19831 | Orc:1    | Entered Level 1 of the Orcish Mines
 20367 | Orc:2    | Entered Level 2 of the Orcish Mines
 20513 | Orc:2    | Found a staircase to the Elven Halls.
 20948 | Orc:2    | Received a gift from Trog
 21545 | Orc:2    | Reached XP level 15. HP: 135/147 MP: 14/14
 21592 | Orc:2    | Found Unecs's Jewellery Shop.
 21593 | Orc:2    | Found Ziteil's Book Emporium.
 21594 | Orc:2    | Found Xups's Book Shoppe.
 21598 | Orc:2    | Found Kekkolu's Book Emporium.
 22310 | D:11     | You fall into a shaft and drop 2 floors!
 22822 | D:11     | Noticed Maurice
 22827 | D:11     | Killed Maurice
 23602 | D:12     | Found a transporter.
 23767 | D:12     | Identified the +2 robe of Parol {+Blink rF- rN+++ Stlth+}
 23838 | D:12     | Found a transporter.
 23838 | D:12     | Found a one-way gate to the infinite horrors of the Abyss.
 23841 | D:12     | Noticed Gauc's ghost (journeyman HOFi)
 24076 | D:13     | Reached skill level 10 in Shields
 24180 | D:13     | Found a runed translucent gate.
 24182 | D:13     | Found a runed translucent gate.
 24182 | D:13     | Found a runed translucent gate.
 24615 | D:13     | Received a gift from Trog
 24948 | D:13     | Found a gate to the Vaults.
 25438 | D:13     | Found a runed translucent gate.
 25438 | D:13     | Found a runed translucent gate.
 25438 | D:13     | Noticed a tentacled monstrosity
 25442 | D:13     | Noticed Ined's ghost (journeyman MiBe)
 25452 | D:13     | Found a runed translucent gate.
 25579 | D:14     | Noticed Lodul
 25585 | D:14     | HP: 4/147 [enormous slime creature (42)]
 26036 | D:14     | Killed Lodul
 26387 | D:14     | Received a gift from Trog
 26737 | D:14     | Found Zikhomaf's Distillery.
 26972 | D:15     | Entered Level 15 of the Dungeon
 26975 | D:15     | Identified the +7 battleaxe "Ohic" {freeze, rPois Str+7}
 28321 | D:15     | Reached XP level 16. HP: 138/155 MP: 11/15
 28392 | D:15     | Found a staircase to the Depths.
 28398 | D:15     | Reached skill level 10 in Evocations
 28985 | D:15     | Found an ornate altar of the Wu Jian Council.
 29419 | Orc:2    | Bought the ring "Yhiaff" {rF++ rC+++ rN+ Will- Int+6} for
                  | 1432 gold pieces
 29562 | Swamp:1  | Entered Level 1 of the Swamp
 30018 | Swamp:1  | Received a gift from Trog
 30487 | Swamp:2  | Found a frozen archway.
 30499 | IceCv    | Entered an ice cave
 30936 | IceCv    | Reached skill level 15 in Shields
 30964 | IceCv    | Identified the ring of Vasev {Ice Fly Will+ Slay-6}
 31611 | IceCv    | Found a viscous altar of Jiyva.
 31624 | IceCv    | Reached skill level 5 in Dodging
 31735 | Swamp:2  | Noticed a thorn hunter
 31745 | Swamp:2  | Killed a thorn hunter
 32091 | Swamp:2  | Noticed Louise
 32102 | Swamp:2  | Killed Louise
 32170 | Swamp:2  | Reached skill level 1 in Maces & Flails
 33102 | Swamp:3  | Reached skill level 5 in Maces & Flails
 33964 | Swamp:3  | Identified the +5 war axe "Caos" {flame, rF+ Will- Str+3
                  | Int+2}
 33964 | Swamp:3  | Noticed Mara
 33970 | Swamp:3  | Noticed oldmanjim's illusion
 33980 | Swamp:3  | HP: 2/155 [oldmanjim's illusion (illusionary)[Mara] (31)]
 33980 | Swamp:3  | Slain by oldmanjim's illusion (illusionary)

Illustrated notes

Levels and vault maps discovered:
D:1:      minmay_arrival_radiant_lines, layout_loops_ring,
          hellmonk_ecumenical_altar_slurped_away, serial_rivers,
          chequers_serial_rivers_room_b, chequers_serial_rivers_marsh,
          chequers_serial_rivers_micro_a, chequers_serial_rivers_small_a,
          chequers_serial_rivers_micro_c, chequers_serial_rivers_micro_d
D:2:      layout_rooms, nicolae_hexahallways
D:3:      cheibrodos_old_hovel, layout_basic
D:4:      layout_rooms, enter_ossuary_2, grunt_decor_mini_mirrors, uniq_duvessa
D:5:      layout_loops_cross, fiery_altar_vehumet, temple_pool_b,
          gammafunk_ghost_arena, minmay_ruined_shrine, uniq_sigmund
D:6:      layout_basic, serial_shops, nicolae_shop_statue_plus,
          minmay_joined_circles
D:7:      layout_rooms, minmay_gold_behind_fungi, st_stairs_6,
          chequers_serial_rivers_micro_a
D:8:      layout_loops_corners, mainiacjoe_overflow_alcove_1,
          mainiacjoe_overflow_surrounded_room, nrook_campfire,
          minmay_misc_feat_diagonals
D:9:      minmay_cornered_nines, layout_loops_ring, lair_entry_dummy,
          david_orc_4
D:10:     layout_roguey, evilmike_ruin_ashenzari, nicolae_trove_entry_crossroad,
          enter_bailey_2, chequers_serial_rivers_small_b
D:11:     layout_basic, uniq_maurice
D:12:     layout_basic, gammafunk_ghost_abyssal_escape
D:13:     layout_irregular_city, ximxim_vaults_locker_room,
          ploomutoo_gammafunk_ghost_potion_laboratory
D:14:     layout_basic, infiniplex_staircase_spiral, serial_shops,
          nicolae_shop_trees, uniq_lodul
D:15:     gammafunk_enter_depths_forms, layout_layer_cave, minmay_misc_feat_x,
          pdpol_wu_jian_five_deadly_venoms
Temple:   mainiacjoe_temple_coin_purse
Lair:1:   kb_forest_paths, layout_chaotic_city, basic_altar,
          infiniplex_staircase_pool_2
Lair:2:   layout_loops_ring, minmay_snake_entry_guardpost_medium,
          grunt_forest_stairs_basic, grunt_megastairs_3, lemuel_fruit_tree
Lair:3:   layout_layer_cave, swamp_mist_pool, ebering_ghost_inner_flame,
          nzn_sisyphean_effort
Lair:4:   layout_misc_corridors, nicolae_slime_entry_slimehenge
Lair:5:   due_jungle_book, layout_concentric_octagons,
          chequers_serial_rivers_large_b
Swamp:1:  layout_basic_swamp, evilmike_swamp_ruin_house_1
Swamp:2:  layout_falls_marsh, portal_ice_cave_entry_ice_statue_one,
          evilmike_swamp_ruin_house_6, uniq_louise
Swamp:3:  layout_basic_swamp, evilmike_swamp_ruin_house_5, swamp_pool2,
          nicolae_swamp_little_tower, uniq_mara
Orc:1:    layout_caves
Orc:2:    st_orc_open, layout_caves, basic_altar

Skill      XL: |  1  2  3  4  5  6  7  8  9 10 11 12 13 14 15 16 |
---------------+-------------------------------------------------+-----
Fighting       | 4 5 6 8 10 13 14 15 17 | 17.4
Axes           | 4 5 6 7 10 11 14 16 17 18 20 | 20.0
Armour         | 3 4 6 8 9 11 13 14 | 14.5
Dodging        | 3 4 5 |  5.5
Evocations     | 1 3 4 6 9 10 | 10.5
Shields        | 4 9 13 15 | 15.0
Maces & Flails | 7 |  7.0

Action                   |  1- 3 |  4- 6 |  7- 9 | 10-12 | 13-15 | 16-18 || total
-------------------------+-------+-------+-------+-------+-------+-------++-------
Melee: Hand axe          |    57 |   106 |    35 |       |       |       ||   198
       Headbutt          |     7 |    25 |    64 |    77 |   181 |    74 ||   428
       Punch             |     1 |     1 |     4 |     6 |       |       ||    12
       Whip              |       |    24 |   194 |       |       |       ||   218
       War axe           |       |       |    53 |   314 |       |       ||   367
       Battleaxe         |       |       |       |    87 |   765 |   348 ||  1200
 Fire: Arbalest          |       |       |    80 |    61 |   147 |    19 ||   307
Throw: Dart              |       |       |       |     9 |       |       ||     9
       Boomerang         |       |       |       |     3 |     7 |       ||    10
Invok: Berserk           |       |     1 |       |     4 |       |       ||     5
       Trog's Hand       |       |       |     1 |       |     1 |     2 ||     4
  Use: Scroll            |       |       |     4 |     8 |    19 |     3 ||    34
       Potion            |       |       |       |     1 |       |     1 ||     2
 Stab: Sleeping          |     3 |     1 |       |       |       |       ||     4
       Distracted        |       |       |       |       |       |     1 ||     1
Armor: Animal skin       |     6 |       |       |       |       |       ||     6
       Leather armour    |     2 |    53 |    19 |       |       |       ||    74
       Plate armour      |       |       |   141 |   148 |   370 |   198 ||   857
Dodge: Dodged            |    45 |    67 |    93 |   117 |   267 |   104 ||   693
